AoeStats
← Yassaruda

Black Forest

509582770Analyzed
2v2 RM · 5d ago on Sep 27, 2026· 31m 15s· 4 players
Game mode
Random Map
Map size
Medium (4 player)
Population
200
Speed
Normal
Resources
Standard
Victory
Conquest
Starting age
Dark Age
Ending age
Imperial Age
RankedLock teamsTeams togetherTeam positionsShared explorationLock speedFull tech treeHidden civsTurbo modeCheats
Victory
Defeat
🇹🇼 Persians · Taiwan
851
+16
🇦🇺 Danes · Australia
842
+17
🇫🇷 Franks · France
1051
-83
🇫🇷 Cumans · France
659
-9
George
0:34 Loom
12:37 Feudal Age
13:52 Double-Bit Axe
20:08 Castle Age
19:25 Horse Collar
21:12 Bow Saw
22:26 Caravan
23:00 Heavy Plow
33:33 Imperial Age
nmcdo71
1:01 Loom
12:22 Feudal Age
16:13 Castle Age
18:12 Double-Bit Axe
18:09 Horse Collar
19:24 Bow Saw
22:38 Arson
23:00 Squires
25:14 Scale Mail Armor
26:52 Chain Mail Armor
26:49 Gambesons
CyberTech74
12:00 Loom
14:43 Feudal Age
18:43 Castle Age
22:31 Man-at-Arms
24:45 Scale Mail Armor
24:56 Forging
24:49 Gold Mining
27:06 Chain Mail Armor
Yassaruda
0:33 Loom
9:24 Feudal Age
9:53 Town Watch
16:32 Double-Bit Axe
19:43 Gold Mining
24:43 Castle Age
24:23 Fletching
24:33 Padded Archer Armor
29:41 Man-at-Arms
Connection lost

Rejoining the realm…

Still unreachable

The connection could not be restored.

Session expired

The server has moved on; the page needs a fresh start.